Map: Ephemeron LE

Players

Future

  • Race: Terran Terran
  • Spawn Location: 5:00

INnoVation - Winner!

  • Race: Terran Terran
  • Spawn Location: 11:00

Event: NationWars 2019

VOD

Have the link to the VOD?

Description

Time

  • Played on: Nov. 12, 2019, 3:42 p.m.
  • Length: 7:08
Show
View Real Time Build Order
Export as new Build Order

Future Terran 

Build Orders: Gas First Reaper Expand 

Get SALT Encoding   

  12  0:00  SCV  
  13  0:12  SCV  
  14  0:17  Supply Depot  
  14  0:25  SCV  
  15  0:29  Refinery  
  15  0:39  SCV  
  16  0:45  Barracks  
  16  0:51  SCV  
  17  1:03  SCV  
  18  1:15  SCV  
  19  1:32  Orbital Command, Reaper  
  20  1:48  Command Center  
  20  1:58  SCV  
  21  2:03  Factory  
  21  2:07  Barracks Reactor  
  21  2:10  SCV  
  22  2:17  Supply Depot  
  22  2:22  SCV, Refinery  
  22  2:34  SCV  
  22  2:43  Marine  
  22  2:44  Marine  
  24  2:47  Supply Depot, Hellion  
  24  2:49  SCV  
  26  3:02  Marine, Starport  
  24  3:11  Marine  
  20  3:25  Orbital Command  
  20  3:29  SCV  
  21  3:39  Medivac  
  21  3:41  SCV  
  24  3:47  Hellion  
  26  3:54  SCV  
  27  3:56  SCV  
  27  4:00  Hellion  
  30  4:06  SCV  
  30  4:08  SCV  
  32  4:12  Starport Tech Lab  
  32  4:19  SCV  
  33  4:25  SCV  
  33  4:29  Factory Tech Lab  
  33  4:31  Raven, SCV  
  34  4:38  SCV  
  34  4:39  Marine x2  
  34  4:43  SCV  
  34  4:45  Refinery  
  38  4:49  Siege Tank  
  38  4:50  SCV  
  42  4:55  SCV  
  42  4:57  Supply Depot  
  43  5:02  SCV, Marine  
  43  5:04  Marine  
  46  5:07  SCV  
  47  5:15  SCV  
  47  5:20  SCV  
  48  5:24  Siege Tank  
  48  5:27  SCV  
  52  5:31  Supply Depot  
  52  5:32  SCV, Viking  
  52  5:34  Viking  
  57  5:39  SCV  
  57  5:42  Marine  
  59  5:44  SCV  
  60  5:51  SCV  
  60  5:54  Supply Depot  
  60  5:56  SCV  
  62  5:57  Siege Tank  
  62  6:03  SCV  
  66  6:05  Marine  
  66  6:10  SCV  
  68  6:12  Viking  
  68  6:15  SCV  
  68  6:16  Viking  
  68  6:17  Supply Depot  
  73  6:23  SCV, Marine  
  75  6:28  SCV  
  73  6:35  SCV  
  73  6:36  Command Center  
  74  6:40  SCV  
  76  6:47  SCV  
  76  6:52  SCV  
Show
View Real Time Build Order
Export as new Build Order

INnoVation Terran - Winner!

Build Orders:  

Get SALT Encoding   

  12  0:00  SCV  
  13  0:12  SCV  
  14  0:17  Supply Depot  
  14  0:25  SCV  
  15  0:38  SCV  
  15  0:39  Barracks  
  16  0:44  Refinery  
  16  0:50  SCV  
  17  1:00  Barracks  
  17  1:03  SCV  
  18  1:15  SCV  
  19  1:26  Reaper  
  19  1:27  Orbital Command  
  20  1:33  Supply Depot  
  20  1:47  Reaper  
  20  1:53  SCV  
  22  2:03  Reaper  
  22  2:05  SCV  
  24  2:15  Command Center  
  24  2:19  SCV  
  25  2:23  Refinery  
  25  2:31  SCV  
  25  2:32  Marine  
  25  2:35  Marine  
  28  2:40  Factory  
  28  2:43  SCV  
  29  2:46  Supply Depot  
  29  2:54  Barracks Reactor  
  29  2:56  SCV  
  29  2:58  Barracks Tech Lab  
  30  3:08  SCV  
  31  3:20  SCV  
  32  3:28  Starport  
  32  3:29  Orbital Command, Refinery  
  32  3:32  Factory Tech Lab, SCV  
  33  3:34  Marine  
  33  3:35  Marine  
  33  3:37  Marine  
  36  3:44  SCV  
  37  3:48  Stimpack  
  37  3:56  SCV  
  37  3:57  SCV  
  37  3:58  Marine x3  
  42  4:08  SCV  
  42  4:09  SCV  
  44  4:12  Raven  
  44  4:15  Factory Tech Lab  
  44  4:16  Marine x3  
  49  4:17  Supply Depot  
  48  4:27  SCV x2  
  49  4:33  Bunker  
  49  4:34  Siege Tank, Marine x2  
  49  4:37  Marine  
  54  4:39  SCV x2  
  54  4:40  Supply Depot  
  54  4:44  Supply Depot  
  56  4:51  Engineering Bay  
  56  4:52  SCV x2  
  58  4:53  Marine x2  
  58  4:55  Marine  
  61  5:03  Starport Reactor  
  61  5:05  SCV x2  
  61  5:06  Siege Tank  
  66  5:12  Marine x2  
  68  5:14  Supply Depot, Marine  
  68  5:20  SCV  
  70  5:25  Supply Depot  
  70  5:29  Combat Shield  
  70  5:32  Marine x3  
  73  5:37  SCV, Supply Depot  
  73  5:38  SCV  
  73  5:41  Medivac  
  77  5:43  Medivac  
  79  5:50  Marine x3  
  79  5:56  Siege Tank  
  85  5:59  Supply Depot  
  85  6:05  Command Center  
  85  6:08  Marine x2  
  85  6:09  Marine  
  88  6:21  Medivac x2  
  88  6:24  SCV x2, Refinery  
  94  6:26  Supply Depot, Marine x2  
  94  6:27  Marine  
  96  6:33  Barracks  
  96  6:36  SCV x2  
  101  6:42  Supply Depot  
  101  6:44  Marine x2  
  101  6:45  Marine  
  104  6:54  SCV x2  
Tags
 
Add a new tag
Caveats
  • Supply blocks, unpowered buildings, or Contaminate may cause inaccurate times.
  • Supply counts are checked every 10 seconds.